 Dungeon Crawl Stone Soup version 0.30-a0-1124-g6e8f0f562f (webtiles) character file.

Game seed: 11106414048421526081

713 themarg the Caller (level 7, -4/46 HPs)
             Began as a Merfolk Summoner on Apr 23, 2023.
             Was a Follower of Sif Muna.
             Slain by Prince Ribbit (18 damage)
             ... on level 6 of the Dungeon on Apr 24, 2023.
             The game lasted 00:14:49 (5482 turns).

themarg the Caller (Merfolk Summoner)               Turns: 5482, Time: 00:14:50

Health: -4/46      AC:  3    Str:  8    XL:     7   Next: 69%
Magic:  15/19      EV: 12    Int: 23    God:    Sif Muna [*.....]
Gold:   260        SH:  0    Dex: 14    Spells: 0/10 levels left

rFire   . . .        A - +0 spear
rCold   . . .        (no shield)
rNeg    . . .        a - +0 robe
rPois   .            n - +0 helmet
rElec   .            (no cloak)
rCorr   .            (no gloves)
SInv    .            (no boots)
Will    .....        (no amulet)
Stlth   ++           e - +6 ring of intelligence
HPRegen 0.27/turn    u - ring of magical power
MPRegen 0.16/turn

%: no passive effects
@: lethally poisoned (-4 -> -10)
A: (nimble swimmer 2), mertail
a: Renounce Religion, Channel Magic


You were on level 6 of the Dungeon.
You worshipped Sif Muna.
Sif Muna was aware of your devotion.
You visited 2 branches of the dungeon, and saw 7 of its levels.
You also visited: Sewer.

You collected 260 gold pieces.

Inventory:

Hand Weapons
 m - a +1 dagger of venom
 A - a +0 spear (weapon)
Missiles
 d - 73 stones
 f - 5 silver javelins
 t - 11 poisoned darts
 C - a throwing net
Armour
 a - a +0 robe (worn)
 i - a +1 hat
 n - a +0 helmet (worn)
Jewellery
 e - a +6 ring of intelligence (left hand)
 u - a ring of magical power (right hand)
 y - a ring of positive energy
 B - a ring of willpower
 E - a ring of magical power
Wands
 o - a wand of quicksilver (8)
Scrolls
 g - 2 scrolls of noise
 l - a scroll of fog
 w - 3 scrolls of poison {unknown}
 x - a scroll of summoning {unknown}
 z - a scroll of enchant weapon {unknown}
 D - a scroll of blinking {unknown}
 G - a scroll of identify
Potions
 b - 2 potions of magic
 c - a potion of berserk rage
 h - 4 potions of ambrosia
 j - 3 potions of cancellation
 k - a potion of haste
 p - a potion of might
 q - a potion of heal wounds
 r - 2 potions of flight
 s - a potion of attraction {unknown}
 v - 2 potions of curing {unknown}
 F - a potion of brilliance {unknown}


   Skills:
 - Level 2.6 Dodging
 - Level 3.0 Stealth
 - Level 2.0 Spellcasting
 + Level 7.9 Summonings
 + Level 3.3 Air Magic


You couldn't memorise any spells.
You knew the following spells:

 Your Spells              Type           Power      Damage    Failure   Level
a - Summon Small Mammal   Summ           100%       N/A       1%          1
b - Call Imp              Summ           76%        N/A       1%          2
c - Call Canine Familiar  Summ           38%        N/A       1%          3
d - Summon Lightning Spi  Summ/Air       28%        N/A       13%         4

Your spell library contained the following spells:

 Spells                   Type           Power      Damage    Failure   Level
 Summon Guardian Golem    Hex/Summ       20%        N/A       8%          3
 Orb of Destruction       Conj           1%         9d5       100%        7
 Spellforged Servitor     Conj/Summ      10%        N/A       100%        7


Dungeon Overview and Level Annotations

Branches:
Dungeon (6/15)             Temple (1/1) D:4           Sewer (visited)

Altars:
Cheibriados
Dithmenos
Fedhas
Gozag
Hepliaklqana
Kikubaaqudgha
Okawaru
Qazlal
Ru
Sif Muna
Trog
Uskayaw
Vehumet
Wu Jian
Xom
Yredelemnul
Zin
The Shining One

Shops:
D:1 *

Annotations:
D:3 1 runed translucent door, Crazy Yiuf
D:5 exclusion: vampire mosquito
D:6 Prince Ribbit


Innate Abilities, Weirdness & Mutations

((You are very nimble when in or above water. (Stealth+, EV+, Speed+++)))
Your lower body shifts to a powerful aquatic tail in water.


Message History

You feel sick.
Your wolf completely misses the hound.
Prince Ribbit blinks!
The scorpion stings you.
You are more poisoned.
The scorpion poisons you! The hound bites you.
Your cerulean imp hits the hound from afar with a +0 spear.
Your quokka bites the hound.
The hound dies!
Sif Muna accepts your kill.
You hit the scorpion.
The scorpion is moderately wounded.
You feel very sick. The scorpion barely misses you.
Your wolf closely misses the scorpion.
Your quokka closely misses the scorpion.
Your cerulean imp barely misses the scorpion.
Your wolf bites the scorpion.
The scorpion misses you.
You hit the scorpion but do no damage.
The scorpion is severely wounded.
You feel very sick.
Your quokka bites the scorpion but does no damage.
Your wolf barely misses the scorpion.
The scorpion stings your quokka.
Your cerulean imp barely misses the scorpion.
Prince Ribbit hits you!
* * * LOW HITPOINT WARNING * * *
Your quokka misses the scorpion.
Your wolf closely misses the scorpion.
You feel much better.
You feel sick.
The scorpion closely misses your quokka.
Your wolf bites the scorpion.
Prince Ribbit hits you.
Your quokka closely misses the scorpion.
Your cerulean imp barely misses the scorpion.
You catch the helpless scorpion completely off-guard!
You hit the scorpion but do no damage.
The scorpion is severely wounded.
You feel sick.
Your wolf bites the scorpion.
The scorpion closely misses your wolf. Prince Ribbit hits you!
Your wolf barely misses the scorpion.
Your quokka barely misses the scorpion.
Your cerulean imp hits the scorpion from afar with a +0 spear.
The scorpion dies!
Sif Muna accepts your kill. Prince Ribbit hits you!!
You die...

#....... .##
#.....## ...##
#......##......
#......<......#
##...........###
#...........<#
#...r5.....#..#
##...h.....## .#
#...@..>.$## .#
#...F.....# #
............##
#....#......#
#.#.......#..# .
#....#####...
..... .## ##...#
#


You could see Prince Ribbit, a friendly wolf (summoned), a friendly cerulean imp
(summoned) and a friendly quokka (summoned).

Vanquished Creatures
  A hound (D:5)
  4 adders
  A river rat (Sewer)
  A worm (D:4)
  3 orcs
  4 endoplasms
  5 giant cockroaches
  4 goblins
  3 hobgoblins
  2 jackals (D:2)
  A kobold (D:1)
  A ball python (Sewer)
  5 rats
35 creatures vanquished.

Vanquished Creatures (collateral kills)
  2 phantoms (D:5)
  A scorpion (D:6)
  2 hounds
  A gnoll bouda (D:5)
  A sleepcap (D:5)
  An iguana (D:5)
  2 orc wizards (D:5)
  Robin (D:2)
  10 adders
  5 gnolls (D:5)
  A white imp (D:5)
  An ufetubus (D:5)
  2 dart slugs
  4 orcs (D:5)
  5 endoplasms
  7 giant cockroaches
  11 goblins
  6 hobgoblins
  8 kobolds
  9 quokkas
  5 ball pythons
  2 bats
  7 frilled lizards
  3 rats
97 creatures vanquished.

Vanquished Creatures (others)
  A bush (D:2)
  A fungus (D:3)
2 creatures vanquished.

Grand Total: 134 creatures vanquished

Notes
Turn   | Place    | Note
-------+----------+-------------------------------------------
     0 | D:1      | themarg the Merfolk Summoner began the quest for the Orb.
     0 | D:1      | Reached XP level 1. HP: 13/13 MP: 3/3
   213 | D:1      | Found Ifuoga Otich's General Store.
   248 | D:1      | Reached XP level 2. HP: 19/19 MP: 1/5
   252 | D:1      | Learned a level 2 spell: Call Imp
  1008 | D:2      | Reached XP level 3. HP: 24/24 MP: 1/6
  1012 | D:2      | Learned a level 3 spell: Call Canine Familiar
  1368 | D:2      | Reached skill level 5 in Summonings
  1520 | D:2      | Noticed Robin
  1617 | D:2      | Reached XP level 4. HP: 30/30 MP: 7/7
  1646 | D:2      | Found a faded altar of an unknown god.
  2297 | D:2      | Killed Robin
  2354 | D:3      | Found a basalt altar of Yredelemnul.
  2529 | D:3      | Reached XP level 5. HP: 34/35 MP: 4/8
  2530 | D:3      | Found a glowing drain.
  2544 | Sewer    | Entered a sewer
  2627 | Sewer    | Reached skill level 6 in Summonings
  3521 | D:3      | Found a runed translucent door.
  3522 | D:3      | Noticed Crazy Yiuf
  3759 | D:4      | Found a staircase to the Ecumenical Temple.
  3770 | Temple   | Entered the Ecumenical Temple
  3854 | Temple   | Became a worshipper of Sif Muna the Loreminder
  4163 | D:4      | Reached XP level 6. HP: 37/41 MP: 9/9
  4630 | D:5      | Entered Level 5 of the Dungeon
  4641 | D:5      | Reached skill level 1 in Air Magic
  4695 | D:5      | Reached skill level 7 in Summonings
  4710 | D:5      | Noticed a vampire mosquito
  4710 | D:5      | Noticed a vampire mosquito
  4739 | D:5      | Reached XP level 7. HP: 32/46 MP: 10/10
  4746 | D:5      | Reached * piety under Sif Muna
  5461 | D:5      | Learned a level 4 spell: Summon Lightning Spire
  5462 | D:6      | Noticed Prince Ribbit
  5480 | D:6      | HP: 2/46 [Prince Ribbit (14)]
  5482 | D:6      | Slain by Prince Ribbit

Illustrated notes

Levels and vault maps discovered:
D:1:      dpeg_arrival_pits, layout_loops_cross, serial_shops, shop,
          solitary_fountain
D:2:      layout_basic, dreamdust_ecumenical_altar_angels_and_demons,
          nrook_mini_backslash, minmay_hedge_maze, uniq_robin
D:3:      layout_rooms, yredelemnul_altar_generic, gup_sewer_entry_pipe,
          uniq_crazy_yiuf_cottage
D:4:      layout_cave_pools, minmay_temple_entry_drinking_statues
D:5:      lemuel_ice_spiral_2, layout_rooms, kennysheep_flooded_box,
          minivault_25
D:6:      layout_layer_cave, uniq_prince_ribbit1
Temple:   minmay_crystal_spiral_temple

Skill      XL: |  1  2  3  4  5  6  7 |
---------------+----------------------+-----
Stealth        | 3 |  3.0
Summonings     | 5 6 7 |  7.9
Air Magic      | 2 3 |  3.3
Dodging        | |  2.6
Spellcasting   | |  2.0

Action                     |  1- 3 |  4- 6 |  7- 9 || total
---------------------------+-------+-------+-------++-------
  Melee: Unarmed           |     4 |       |       ||     4
         Dagger            |    31 |    94 |     8 ||   133
         Club              |     1 |       |       ||     1
         Tailslap          |       |     4 |       ||     4
         Punch             |       |     1 |       ||     1
         Spear             |       |       |    24 ||    24
   Cast: Summon Small Mamm |    42 |     9 |     2 ||    53
         Call Imp          |     8 |    14 |     2 ||    24
         Call Canine Famil |     2 |    17 |     3 ||    22
    Use: Scroll            |       |     9 |       ||     9
         Potion            |       |       |     2 ||     2
   Stab: Sleeping          |     2 |     3 |       ||     5
         Distracted        |     1 |     1 |     2 ||     4
 Armour: Robe              |     9 |    16 |     3 ||    28
  Dodge: Dodged            |    34 |    63 |    20 ||   117

Table legend: (Time is in decaauts)
 A = Elapsed time spent in this place.
 B = Non-inter-level travel time spent in this place.
 C = Inter-level travel time spent in this place.
 D = Time resting spent in this place.
 E = Time spent auto-exploring this place.
 F = Levels seen in this place.
 G = Mean time per level.
                   A        B        C        D        E       F      G
               +--------+--------+--------+--------+--------+-----+--------+
         Total |   5408 |   5210 |    198 |    116 |   3922 |   8 |  676.0 |
       Dungeon |   4589 |   4474 |    115 |     65 |   3454 |   6 |  764.8 |
        Temple |    260 |    177 |     83 |      0 |    155 |   1 |  260.0 |
         Sewer |    558 |    558 |      0 |     51 |    313 |   1 |  558.0 |
               +--------+--------+--------+--------+--------+-----+--------+

Top non-repeatable levels by time:
     D:2: 1372 daAuts
     D:1: 979 daAuts
     D:5: 833 daAuts
     D:3: 721 daAuts
     D:4: 661 daAuts
   Sewer: 558 daAuts
  Temple: 260 daAuts
     D:6: 20 daAuts
